 Dungeon Sprint DCSS version 0.21.1-1-g345015f (webtiles) character file.

3696 Fang the Severer (level 9, -22/144 (145) HPs)
             Began as a Minotaur Berserker on May 25, 2018.
             Was the Champion of Trog.
             Annihilated by a cyclops (26 damage)
             ... in the Dungeon (Sprint V: "Ziggurat Sprint").
             The game lasted 00:02:51 (760 turns).

Fang the Severer (Minotaur Berserker)                Turns: 760, Time: 00:02:52

HP:   -22/144 (145) AC:  3    Str: 36    XL:     9   Next: 90%
MP:   2/2           EV: 17    Int:  4    God:    Trog [******]
Gold: 0             SH:  0    Dex: 13    Spells: 8/8 levels left

rFire    . . .     SeeInvis .   u - +3 hand axe (antimagic)
rCold    . . .     Gourm    .   (no shield)
rNeg     . . .     Faith    .   b - +1 robe of Guoshesi {MR+ Dex+3}
rPois    .         Spirit   .   (helmet restricted)
rElec    .         Reflect  .   (no cloak)
rCorr    .         Harm     .   (no gloves)
MR       +....     NoTele   +   (no boots)
Stlth    ..........             (no amulet)
HPRegen  0.34/turn              G - ring of flight
MPRegen  0.08/turn              F - +6 ring of strength

@: berserking (expiring), very quick
A: retaliatory headbutt, horns 2
a: Berserk, Trog's Hand, Brothers in Arms, Burn Spellbooks, Renounce Religion,
Evoke Flight


You were in the Dungeon.
You worshipped Trog.
Trog was exalted by your worship.
You were hungry.

You visited 1 branch

Inventory:

Hand Weapons
 j - a +4 battleaxe of venom
 u - a +3 antimagic hand axe (weapon)
 A - a +3 hand axe of electrocution
Armour
 b - the +1 robe of Guoshesi (worn) {MR+ Dex+3}
   (You found it in the Dungeon)

   It affects your dexterity (+3).
   It affects your resistance to hostile enchantments.
Jewellery
 a - the ring of Bumo {rPois AC+3}
   (You found it in the Dungeon)

   [ring of protection]

   It affects your AC (+3).
   It protects you from poison.
 F - a +6 ring of strength (right hand)
 G - a ring of flight (left hand)
Wands
 x - a wand of disintegration (7)
 y - a wand of iceblast (7)
 z - a wand of acid (7)
 B - a wand of digging (10)
Scrolls
 i - 4 scrolls of blinking
 m - 7 scrolls of fog
 n - a scroll of holy word
 o - 4 scrolls of identify
 p - 5 scrolls of remove curse
 q - 2 scrolls of fear
Potions
 d - 10 potions of curing
 e - 15 potions of heal wounds
 f - 6 potions of haste
 g - 7 potions of magic
 h - 3 potions of berserk rage
 k - a potion of flight
 r - 2 potions of brilliance
 s - 2 potions of invisibility
 t - 4 potions of resistance
 v - 5 potions of agility
 w - 5 potions of might
Comestibles
 c - 8 rations
 l - 4 chunks of flesh


   Skills:
 + Level 15.3 Fighting
 + Level 15.9(16.0) Axes
   Level 2.0(10.9) Polearms
 + Level 8.3 Armour
 + Level 9.2 Dodging
 + Level 4.3 Stealth


You had 8 spell levels left.
You didn't know any spells.

Dungeon Overview and Level Annotations

Branches:
Dungeon (1/1)

Altars:
Ashenzari
Cheibriados
Dithmenos
Elyvilon
Fedhas
Gozag
Hepliaklqana
Kikubaaqudgha
Makhleb
Nemelex Xobeh
Okawaru
Qazlal
Ru
Sif Muna
Trog
Uskayaw
Vehumet
Wu Jian
Xom
Yredelemnul
Zin
The Shining One
Beogh
Jiyva
Lugonu

Annotations:
D 1 transporter


Innate Abilities, Weirdness & Mutations

You reflexively headbutt those who attack you in melee.
You have a pair of horns on your head.


Message History

Something appears at your feet! Trog grants you a weapon!
The cyclops throws a large rock.
The large rock hits you!!
* * * LOW HITPOINT WARNING * * *
Unknown command.
You barely miss the merfolk.
The merfolk is almost dead.
The merfolk completely misses you. You furiously retaliate!
You headbutt the merfolk.
Unknown command.
You slash the merfolk!
You kill the merfolk!
Trog accepts your kill.
Unknown command.
The cyclops completely misses you.
You feel a strong urge to attack something.
You hit the cyclops. You headbutt the cyclops!!
The cyclops is severely wounded.
The cyclops hits you!!
You die...

▓.▓....▓.▓........▓
▓...©....▓...©....▓
▓▓▓▓▓▓▓▓▓▓▓▓▓▓▓▓▓▓▓
▓...8©8...▓..8©8..▓
▓..))))...▓..).[..▓
▓...})}...▓..).)..▓
▓.........▓.......▓
▓...)))C..▓.......▓
▓...)).@..▓....)..▓
▓....(....▓...)...▓
▓.........▓.▓...▓.▓
▓....©....▓...©...▓
▓▓▓▓▓▓▓▓▓▓▓▓▓▓▓▓▓▓▓
▓..8©8..▓ ▓...|...▓
▓..[[[..▓ ▓...)...▓


You could see a cyclops.

Vanquished Creatures
  A naga mage (D)
  4 merfolk (D)
  2 hippogriffs (D)
  Sigmund (D)
  A naga (D)
  A water moccasin (D)
  3 necrophages (D)
  Blork the orc (D)
  Dowan (D)
  A wight (D)
  A crimson imp (D)
  A quasit (D)
  A jelly (D)
  An orc wizard (D)
  An orc priest (D)
  An iron imp (D)
  Crazy Yiuf (D)
  Jessica (D)
  4 mummies (D)
  An adder (D)
  An ooze (D)
  An adder skeleton (D)
  2 orcs (D)
  2 ball pythons (D)
  A ball python zombie (D)
36 creatures vanquished.

Vanquished Creatures (others)
  Harold (D)
  Psyche (D)
2 creatures vanquished.

Grand Total: 38 creatures vanquished

Notes
Turn   | Place    | Note
-------+----------+-------------------------------------------
     0 | D        | Found the +6 Majin-Bo {vamp, Archmagi MP+6 Int+6}
     0 | D        | Found the +7 great mace "Firestarter" {inner flame, rF++}
     0 | D        | Fang the Minotaur Berserker began the quest for the Orb.
     0 | D        | Reached XP level 1. HP: 19/19 MP: 0/0
     3 | D        | Found a blossoming altar of Fedhas.
     4 | D        | Found a viscous altar of Jiyva.
     4 | D        | Found a hazy altar of Hepliaklqana.
     4 | D        | Found a transporter.
     4 | D        | Found an opulent altar of Gozag.
     4 | D        | Found an ancient bone altar of Kikubaaqudgha.
     4 | D        | Found a corrupted altar of Lugonu.
    10 | D        | Found a burning altar of Makhleb.
    11 | D        | Found a stormy altar of Qazlal.
    11 | D        | Found a sacrificial altar of Ru.
    11 | D        | Found an iron altar of Okawaru.
    11 | D        | Found a deep blue altar of Sif Muna.
    11 | D        | Found a sparkling altar of Nemelex Xobeh.
    11 | D        | Found a bloodstained altar of Trog.
    75 | D        | Entered arena 2.
    75 | D        | Noticed a jelly
    75 | D        | Found a transporter.
    77 | D        | Killed a jelly
    77 | D        | Reached skill level 5 in Fighting
    77 | D        | Reached skill level 5 in Axes
    77 | D        | Reached XP level 2. HP: 30/30 MP: 1/1
    77 | D        | Reached XP level 3. HP: 37/37 MP: 2/2
    83 | D        | Got the ring of Bumo {rPois AC+3}
   132 | D        | Entered arena 3.
   132 | D        | Found a transporter.
   135 | D        | Reached ** piety under Trog
   135 | D        | Reached XP level 4. HP: 45/45 MP: 3/3
   138 | D        | Reached skill level 1 in Polearms
   144 | D        | Got the +1 robe of Guoshesi {MR+ Dex+3}
   162 | D        | Entered arena 4.
   162 | D        | Found a transporter.
   166 | D        | Reached *** piety under Trog
   166 | D        | Reached XP level 5. HP: 56/56 MP: 4/4
   173 | D        | Reached skill level 5 in Armour
   315 | D        | Killed Psyche
   364 | D        | Entered arena 5.
   364 | D        | Found a transporter.
   367 | D        | Reached **** piety under Trog
   372 | D        | Reached ***** piety under Trog
   542 | D        | Entered arena 6.
   542 | D        | Noticed Sigmund
   542 | D        | Noticed Jessica
   542 | D        | Noticed Blork the orc
   542 | D        | Noticed Crazy Yiuf
   542 | D        | Noticed Dowan
   542 | D        | Found a transporter.
   546 | D        | Killed Blork the orc
   546 | D        | Reached skill level 10 in Fighting
   546 | D        | Reached skill level 10 in Axes
   546 | D        | Reached skill level 5 in Dodging
   546 | D        | Reached XP level 6. HP: 66/66 MP: 5/5
   546 | D        | Killed Dowan
   548 | D        | Killed Crazy Yiuf
   549 | D        | Killed Jessica
   549 | D        | Received a gift from Trog
   551 | D        | Killed Sigmund
   551 | D        | Reached skill level 1 in Stealth
   551 | D        | Reached XP level 7. HP: 74/74 MP: 6/6
   571 | D        | Killed Harold
   602 | D        | Entered arena 7.
   602 | D        | Noticed a naga mage
   604 | D        | Found a transporter.
   608 | D        | Reached ****** piety under Trog
   610 | D        | Killed a naga mage
   610 | D        | Received a gift from Trog
   611 | D        | Reached XP level 8. HP: 86/86 MP: 2/7
   648 | D        | Reached XP level 9. HP: 94/94 MP: 2/8
   656 | D        | Received a gift from Trog
   672 | D        | Entered arena 8.
   673 | D        | Found a transporter.
   686 | D        | Received a gift from Trog
   740 | D        | Entered arena 9.
   740 | D        | Noticed a merfolk
   740 | D        | Noticed a merfolk
   740 | D        | Noticed a cyclops
   740 | D        | Noticed a merfolk
   740 | D        | Noticed a merfolk
   742 | D        | Found a transporter.
   748 | D        | Killed a merfolk
   749 | D        | Reached skill level 15 in Axes
   752 | D        | Killed a merfolk
   752 | D        | Reached skill level 15 in Fighting
   755 | D        | Killed a merfolk
   755 | D        | Received a gift from Trog
   755 | D        | HP: 3/144 [cyclops/large rock (25)]
   757 | D        | Killed a merfolk
   760 | D        | Annihilated by a cyclops

Skill      XL: |  1  2  3  4  5  6  7  8  9 |
---------------+----------------------------+-----
Fighting       | 5 6 8 10 11 13 15 | 15.3
Axes           | 5 6 8 10 11 13 15 | 15.9
Armour         | 3 4 5 6 7 8 |  8.3
Dodging        | 3 4 5 6 7 8 9 |  9.2
Polearms       | 1 2 |  2.0
Stealth        | 1 3 4 |  4.3

Action                   |  1- 3 |  4- 6 |  7- 9 || total
-------------------------+-------+-------+-------++-------
Melee: Demon trident     |     4 |    12 |       ||    16
       Hand axe          |       |    11 |    14 ||    25
       Headbutt          |       |     2 |    11 ||    13
       Battleaxe         |       |       |    14 ||    14
Invok: Berserk           |     1 |     2 |     2 ||     5
       Burn Spellbooks   |       |     1 |     3 ||     4
  Use: Potion            |       |       |     1 ||     1
       Scroll            |       |       |     1 ||     1
  Eat: Chunk             |       |       |     3 ||     3
Armor: Shadow dragon sca |     2 |     4 |       ||     6
       Robe              |       |     1 |     1 ||     2
Dodge: Dodged            |     1 |     9 |    22 ||    32
